Map: Dusk Towers

Players

nisezou - Winner!

  • Race: Protoss Protoss
  • League: Diamond

lykgkgk

  • Race: Zerg Zerg
  • League: Platinum

VOD

Have the link to the VOD?

Description

Time

  • Played on: Feb. 13, 2016, 11:27 a.m.
  • Length: 16:49
Show
View Real Time Build Order
Export as new Build Order

nisezou Protoss - Winner!

Build Orders: 1 Gate Expand 

Get SALT Encoding   

  12  0:01  Probe (Chrono Boost)  
  13  0:12  Probe (Chrono Boost)  
  14  0:18  Pylon  
  14  0:22  Probe (Chrono Boost)  
  15  0:36  Probe (Chrono Boost)  
  15  0:37  Gateway  
  16  0:46  Probe (Chrono Boost)  
  17  0:58  Probe (Chrono Boost)  
  18  1:10  Nexus  
  18  1:13  Probe (Chrono Boost)  
  19  1:24  Cybernetics Core  
  19  1:26  Probe (Chrono Boost)  
  20  1:32  Assimilator  
  20  1:37  Probe (Chrono Boost)  
  20  1:39  Assimilator  
  21  1:45  Pylon  
  21  1:48  Probe (Chrono Boost)  
  22  1:59  Probe (Chrono Boost)  
  23  2:07  Adept (Chrono Boost)  
  25  2:09  Probe  
  25  2:15  Warp Gate  
  26  2:21  Probe  
  27  2:24  Probe (Chrono Boost)  
  27  2:27  Gateway  
  28  2:36  Probe (Chrono Boost), Mothership Core (Chrono Boost)  
  31  2:43  Stalker  
  33  2:47  Probe (Chrono Boost)  
  34  2:54  Probe (Chrono Boost)  
  35  2:59  Gateway  
  35  3:04  Probe (Chrono Boost)  
  35  3:05  Probe (Chrono Boost)  
  37  3:14  Probe (Chrono Boost)  
  37  3:15  Probe (Chrono Boost), Sentry  
  41  3:22  Assimilator  
  41  3:25  Probe (Chrono Boost)  
  41  3:26  Probe (Chrono Boost)  
  43  3:27  Assimilator  
  43  3:32  Pylon  
  43  3:37  Probe (Chrono Boost)  
  43  3:39  Probe (Chrono Boost)  
  45  3:50  Stalker  
  45  3:52  Probe (Chrono Boost)  
  48  3:57  Probe (Chrono Boost), Pylon  
  49  4:03  Probe (Chrono Boost)  
  49  4:08  Probe (Chrono Boost)  
  51  4:11  Pylon  
  51  4:14  Pylon  
  51  4:28  Sentry x2, Stargate  
  51  4:29  Adept, Stargate  
  57  4:39  Probe (Chrono Boost)  
  57  4:40  Probe (Chrono Boost)  
  59  4:48  Nexus  
  59  4:49  Probe (Chrono Boost)  
  59  4:50  Probe (Chrono Boost), Pylon  
  59  4:51  Pylon  
  61  4:59  Pylon  
  62  5:00  Probe (Chrono Boost)  
  62  5:01  Probe (Chrono Boost)  
  62  5:04  Forge  
  63  5:10  Probe (Chrono Boost)  
  63  5:11  Probe (Chrono Boost)  
  63  5:12  Phoenix (Chrono Boost)  
  67  5:15  Phoenix (Chrono Boost)  
  67  5:21  Probe  
  70  5:22  Probe  
  70  5:24  Gateway x2  
  70  5:26  Sentry  
  73  5:35  Phoenix (Chrono Boost)  
  75  5:38  Phoenix (Chrono Boost)  
  77  5:49  Gateway  
  79  5:57  Phoenix (Chrono Boost)  
  79  5:58  Fleet Beacon  
  79  5:59  Phoenix (Chrono Boost)  
  79  6:02  Probe x2  
  79  6:03  Probe  
  84  6:14  Probe  
  87  6:18  Phoenix (Chrono Boost)  
  87  6:24  Probe  
  87  6:25  Probe  
  88  6:27  Assimilator  
  89  6:37  Pylon  
  89  6:39  Pylon  
  89  6:45  Assimilator  
  89  6:50  Phoenix (Chrono Boost)  
  91  7:07  Phoenix (Chrono Boost)  
  93  7:12  Phoenix (Chrono Boost)  
  95  7:16  Anion Pulse-Crystals  
  95  7:28  Phoenix (Chrono Boost)  
  97  7:32  Phoenix (Chrono Boost)  
  97  7:36  Zealot x4  
  107  7:42  Protoss Ground Weapons Level 1 (Chrono Boost)  
  107  7:51  Phoenix  
  109  7:52  Phoenix  
  109  7:53  Zealot x2  
  115  8:08  Stargate  
  113  8:13  Stargate  
  113  8:14  Probe  
  113  8:15  Phoenix  
  113  8:16  Phoenix  
  118  8:22  Probe, Twilight Council  
  118  8:24  Gateway  
  119  8:27  Gateway  
  119  8:29  Gateway  
  119  8:31  Gateway  
  119  8:37  Probe  
  119  8:39  Phoenix  
  119  8:40  Pylon  
  119  8:41  Phoenix  
  122  8:45  Zealot x3  
  122  8:46  Zealot  
  132  8:58  Phoenix  
  132  9:04  Phoenix  
  132  9:05  Phoenix  
  132  9:08  Phoenix  
  134  9:23  Phoenix (Chrono Boost)  
  134  9:29  Phoenix (Chrono Boost)  
  134  9:30  Phoenix (Chrono Boost)  
  134  9:33  Phoenix (Chrono Boost)  
  124  9:48  Phoenix (Chrono Boost)  
  128  9:54  Phoenix (Chrono Boost)  
  128  9:56  Phoenix x2 (Chrono Boost)  
  128  10:09  Phoenix (Chrono Boost)  
  128  10:16  Phoenix (Chrono Boost)  
  128  10:18  Phoenix (Chrono Boost)  
  132  10:21  Phoenix (Chrono Boost)  
  130  10:31  Phoenix (Chrono Boost)  
  130  10:37  Phoenix (Chrono Boost)  
  130  10:39  Phoenix (Chrono Boost)  
  130  10:40  Zealot x3  
  140  10:45  Probe  
  141  10:50  Pylon  
  141  10:51  Pylon  
  141  10:58  Protoss Ground Weapons Level 2  
  141  11:06  Nexus, Pylon  
  141  11:07  Charge (Chrono Boost)  
  141  11:08  Probe x2  
  149  11:17  Carrier (Chrono Boost)  
  151  11:20  Gateway x2  
  151  11:21  Carrier (Chrono Boost)  
  151  11:22  Gateway  
  151  11:24  Zealot  
  151  11:25  Gateway, Zealot x4  
  165  11:29  Gateway  
  165  11:37  Pylon  
  165  11:39  Pylon  
  165  11:41  Graviton Catapult  
  165  11:44  Pylon  
  165  11:46  Pylon  
  165  11:55  Probe  
  165  11:56  Phoenix (Chrono Boost)  
  165  11:59  Phoenix (Chrono Boost)  
  170  12:15  Probe  
  171  12:18  Carrier (Chrono Boost)  
  183  12:31  Carrier (Chrono Boost)  
  183  12:36  Carrier (Chrono Boost)  
  189  12:39  Probe  
  189  12:41  Zealot  
  189  12:42  Zealot x4  
  200  12:54  Stargate  
  200  12:56  Stargate  
  188  13:20  Photon Cannon  
  188  13:21  Photon Cannon  
  188  13:24  Carrier (Chrono Boost), Photon Cannon  
  188  13:25  Zealot x2  
  188  13:26  Zealot x5, Photon Cannon  
  188  13:27  Zealot x2  
  188  13:41  Assimilator x2  
  194  13:47  Templar Archives  
  190  13:56  Stalker x3  
  190  13:57  Stalker  
  190  14:00  Stalker x6  
  186  14:08  Carrier (Chrono Boost)  
  186  14:09  Probe  
  186  14:26  Probe  
  186  14:28  Carrier (Chrono Boost)  
  186  14:37  Pylon  
  186  14:47  Psionic Storm  
  186  16:06  Nexus  
  186  16:08  Pylon, Assimilator  
  186  16:10  Pylon  
  186  16:11  Pylon  
  186  16:12  Assimilator  
Show
View Real Time Build Order
Export as new Build Order

lykgkgk Zerg 

Build Orders: Pool First 

Get SALT Encoding   

  12  0:03  Drone  
  13  0:08  Drone  
  14  0:18  Overlord  
  14  0:27  Extractor  
  14  0:28  Drone  
  15  0:36  Drone  
  15  0:37  Drone  
  17  0:46  Drone  
  18  0:52  Spawning Pool  
  18  0:55  Extractor  
  16  0:57  Drone  
  17  1:13  Drone  
  18  1:22  Hatchery  
  18  1:23  Drone  
  18  1:30  Overlord  
  18  1:40  Queen  
  18  1:44  Drone  
  21  1:51  Drone  
  22  2:01  Drone  
  23  2:10  Metabolic Boost  
  23  2:20  Hatchery  
  23  2:22  Zergling x2  
  23  2:25  Drone  
  24  2:35  Drone  
  25  2:37  Queen  
  25  2:43  Drone  
  28  2:48  Drone  
  29  2:53  Queen  
  29  2:56  Zergling x2  
  32  3:06  Drone, Spine Crawler  
  32  3:10  Overlord  
  32  3:14  Drone  
  32  3:18  Drone  
  32  3:19  Drone  
  35  3:33  Drone  
  35  3:34  Drone x4  
  40  3:40  Roach Warren  
  40  3:49  Lair  
  40  3:50  Drone x2  
  40  3:52  Extractor  
  41  3:56  Drone, Spine Crawler  
  41  3:57  Drone  
  41  4:02  Overlord  
  42  4:09  Drone  
  41  4:17  Spore Crawler, Drone  
  41  4:18  Overlord  
  41  4:20  Drone  
  42  4:24  Drone x2  
  42  4:27  Drone x4  
  48  4:34  Drone  
  48  4:38  Zergling x4  
  51  4:41  Drone  
  51  4:43  Drone x4  
  56  4:46  Extractor  
  56  4:47  Extractor  
  54  4:53  Spire  
  54  4:57  Spore Crawler  
  54  4:58  Drone x3  
  55  5:03  Drone x3  
  58  5:08  Extractor  
  58  5:11  Drone  
  58  5:12  Overlord  
  58  5:24  Extractor  
  58  5:25  Extractor  
  58  5:26  Drone  
  58  5:28  Overlord  
  57  5:29  Overlord, Drone  
  57  5:30  Overlord  
  57  5:31  Zergling x8  
  62  5:36  Drone  
  62  5:39  Overlord  
  62  5:40  Drone  
  62  5:41  Evolution Chamber x2, Drone x2  
  64  5:46  Spore Crawler  
  64  5:47  Spine Crawler, Drone  
  64  5:48  Drone  
  64  5:49  Overseer  
  64  5:53  Drone x2  
  64  5:54  Drone  
  64  5:56  Drone  
  68  5:58  Drone  
  68  6:02  Overseer  
  69  6:06  Mutalisk x2  
  69  6:07  Mutalisk  
  75  6:12  Mutalisk x2  
  79  6:21  Corruptor  
  79  6:22  Corruptor  
  79  6:25  Zerg Melee Weapons Level 1  
  83  6:27  Zerg Ground Armor Level 1  
  83  6:32  Drone x3  
  86  6:34  Drone  
  86  6:35  Spore Crawler  
  86  6:39  Zergling x8  
  89  6:47  Drone x2  
  89  6:49  Spore Crawler  
  89  6:50  Overlord x2  
  89  7:00  Overlord x4  
  80  7:08  Spore Crawler x2  
  77  7:10  Corruptor  
  77  7:11  Corruptor  
  76  7:16  Mutalisk  
  76  7:17  Corruptor  
  76  7:22  Corruptor  
  80  7:26  Corruptor  
  80  7:29  Corruptor  
  84  7:33  Corruptor  
  86  7:40  Corruptor x2  
  90  7:44  Corruptor  
  90  7:48  Queen  
  92  7:56  Corruptor  
  92  7:57  Corruptor  
  91  8:01  Corruptor  
  91  8:07  Queen  
  91  8:12  Drone x4  
  98  8:20  Infestation Pit, Drone x6  
  102  8:41  Hatchery  
  102  8:43  Corruptor  
  102  8:44  Corruptor  
  102  8:45  Spore Crawler, Drone  
  102  8:46  Drone  
  102  8:47  Overlord x2  
  100  9:09  Corruptor x2  
  100  9:10  Corruptor x2  
  104  9:19  Corruptor, Zerg Flyer Weapons Level 1  
  104  9:20  Corruptor  
  104  9:24  Corruptor  
  98  9:41  Corruptor x2  
  98  9:50  Queen x2  
  104  9:57  Hive  
  102  10:02  Corruptor x2  
  102  10:04  Overlord  
  101  10:12  Spine Crawler  
  101  10:13  Spine Crawler  
  95  10:15  Extractor  
  95  10:16  Corruptor x2, Hatchery  
  95  10:17  Spore Crawler  
  95  10:19  Extractor  
  93  10:26  Spore Crawler  
  90  10:29  Spore Crawler  
  89  10:38  Corruptor x3  
  89  10:39  Drone  
  89  10:40  Drone x3  
  97  10:46  Drone  
  97  10:47  Drone x2  
  100  10:55  Zergling x6  
  103  10:59  Corruptor x3  
  103  11:03  Zergling x4  
  111  11:05  Zergling x12  
  111  11:06  Zergling x4  
  111  11:10  Overlord  
  111  11:11  Overlord  
  119  11:12  Adrenal Glands  
  119  11:13  Zerg Flyer Armor Level 1  
  119  11:25  Spine Crawler  
  118  11:26  Spine Crawler  
  118  11:27  Corruptor, Spore Crawler  
  118  11:28  Corruptor  
  120  11:36  Zerg Melee Weapons Level 2  
  120  11:38  Overlord x2  
  120  11:40  Spore Crawler  
  120  11:42  Drone  
  120  11:43  Drone x3  
  123  11:56  Corruptor, Burrow  
  123  11:59  Overlord x3  
  119  12:04  Spore Crawler  
  119  12:06  Corruptor x2, Spore Crawler  
  118  12:11  Drone x3  
  118  12:13  Drone x2  
  123  12:22  Ultralisk Cavern  
  123  12:27  Drone x3  
  125  12:36  Corruptor  
  125  12:37  Corruptor  
  125  12:41  Zergling x14  
  125  12:42  Zergling x2  
  137  12:46  Spore Crawler  
  137  12:48  Zergling x2  
  137  12:49  Spore Crawler  
  134  12:52  Overseer x2  
  134  12:53  Overseer  
  134  12:55  Drone  
  134  12:56  Drone  
  136  13:03  Corruptor  
  133  13:08  Zergling x8  
  133  13:10  Zergling x4  
  116  13:21  Corruptor  
  111  13:29  Corruptor x2  
  111  13:41  Zergling x8  
  111  13:42  Zergling x2  
Tags
 
Add a new tag
Caveats
  • Supply blocks, unpowered buildings, or Contaminate may cause inaccurate times.
  • Supply counts are checked every 10 seconds.